 Dungeon Crawl Stone Soup version 0.29.1-12-g30fa7ad0bf (webtiles) character file.

Game seed: 14235757056806997763

963 KittyFluff the Covered (level 8, -1/73 HPs)
             Began as a Gargoyle Berserker on Jan 12, 2023.
             Was a Priest of Trog.
             Slain by a bullfrog (2 damage)
             ... on level 5 of the Dungeon.
             The game lasted 00:24:15 (5947 turns).

KittyFluff the Covered (Gargoyle Berserker)         Turns: 5947, Time: 00:24:15

Health: -1/73      AC:  9    Str: 21    XL:     8   Next: 15%
Magic:  8/8        EV: 12    Int:  8    God:    Trog [***...]
Gold:   221        SH:  0    Dex: 11    Spells: 7/7 levels left

rFire   + . .      SeeInvis .   a - +0 flail
rCold   . . .      Faith    .   (no shield)
rNeg    + . .      Spirit   .   j - +0 leather armour
rPois   ∞          Reflect  .   m - +0 hat
rElec   +          Harm     .   (no cloak)
rCorr   .          Rampage  .   (no gloves)
Will    .....                   (no boots)
Stlth   ..........              (no amulet)
HPRegen 0.22/turn               f - ring of protection from fire
MPRegen 0.11/turn               (no ring)

@: berserking, very quick
A: sickness immunity, AC +5, negative energy resistance 1, electricity
resistance, torment resistance 1, petrification resistance
a: Renounce Religion, Berserk, Trog's Hand


You were on level 5 of the Dungeon.
You worshipped Trog.
Trog was most pleased with you.
You visited 1 branch of the dungeon, and saw 6 of its levels.

You collected 221 gold pieces.

Inventory:

Hand Weapons
 a - a +0 flail (weapon)
 o - a +0 sling
 q - a +0 shortbow
 D - a +1 vorpal morningstar
 H - a +0 morningstar
Missiles
 e - 73 stones (quivered)
 g - 11 boomerangs
 k - 13 poisoned darts
 y - 6 javelins
 z - 2 throwing nets
 A - 3 datura-tipped darts
 I - 2 silver boomerangs
Armour
 d - a +0 ring mail
 j - a +0 leather armour (worn)
 m - a +0 hat (worn)
 u - a +0 chain mail
Jewellery
 f - a ring of protection from fire (left hand)
Wands
 w - a wand of paralysis (8)
Scrolls
 h - 3 scrolls of magic mapping
 i - a scroll of vulnerability {unknown}
 l - 2 scrolls of teleportation {unknown}
 n - a scroll of immolation {unknown}
 r - a scroll of amnesia {unknown}
 s - 2 scrolls of noise {unknown}
 t - a scroll of silence {unknown}
 x - a scroll of poison {unknown}
 C - a scroll of torment {unknown}
 G - a scroll of summoning {unknown}
Potions
 b - a potion of might
 p - a potion of ambrosia
 v - 2 potions of curing {unknown}
 B - a potion of heal wounds {unknown}
 E - a potion of degeneration {unknown}
 F - a potion of cancellation {unknown}


   Skills:
 + Level 5.2 Fighting
 * Level 6.1 Maces & Flails
 * Level 6.1 Armour
 + Level 3.2 Dodging


You had 7 spell levels left.
You didn't know any spells.
Your spell library was empty.

Dungeon Overview and Level Annotations

Branches:
Dungeon (6/15)             Temple (0/1) D:5

Altars:
Ru
Trog
Zin
The Shining One


Innate Abilities, Weirdness & Mutations

You are immune to sickness and miasma.
Your stone body is resilient. (AC +5)
You are immune to poison.
You resist negative energy. (rN+)
You are resistant to electric shocks. (rElec)
You are resistant to unholy torment.
You are immune to petrification.


Message History

The water moccasin bites you but does no damage.
You climb upwards.
There is a stone staircase leading down here.
You hit the water moccasin.
The water moccasin is moderately wounded.
The bullfrog hits you but does no damage.
The water moccasin bites you.
The bullfrog hits you but does no damage.
You barely miss the water moccasin.
The water moccasin is moderately wounded.
The water moccasin bites you but does no damage.
The bullfrog hits you. The water moccasin closely misses you.
The bullfrog barely misses you.
You closely miss the water moccasin.
The water moccasin is moderately wounded.
The water moccasin bites you but does no damage.
The bullfrog hits you but does no damage.
The water moccasin bites you.
You sock the water moccasin!
The water moccasin is severely wounded.
The bullfrog hits you but does no damage.
The water moccasin bites you!
* * * LOW HITPOINT WARNING * * *
The bullfrog hits you but does no damage.
You miss the water moccasin.
The water moccasin is severely wounded.
The water moccasin misses you. The bullfrog closely misses you.
The water moccasin bites you.
* * * LOW HITPOINT WARNING * * *
The bullfrog hits you.
* * * LOW HITPOINT WARNING * * *
A red film seems to cover your vision as you go berserk!
You feel yourself moving faster!
You feel mighty! The water moccasin bites you.
* * * LOW HITPOINT WARNING * * *
The bullfrog hits you!
* * * LOW HITPOINT WARNING * * *
You closely miss the water moccasin.
The water moccasin is severely wounded.
The bullfrog hits you.
You die...

#.# #.# ## #.## .##
#..# #.## ##.# ##.##
#.# ###.## #.#
.###.################.#
.##.###........S@F..#.#
.#.## #.###########.#.#
..## #.# ###.#.#
.######.#### #...#.#
...........# ###...#.#
##########.# #.......#
#.# #.......# #.#
#.......# #.# ###...###


You could see a water moccasin and a bullfrog.

Vanquished Creatures
  A water moccasin (D:5)
  A centaur (D:5)
  A phantom (D:5)
  A necrophage (D:5)
  A scorpion (D:5)
  2 orc priests (D:5)
  A hound (D:4)
  A jelly (D:5)
  Terence (D:3)
  3 iguanas
  4 orc wizards
  4 gnolls
  8 adders
  A white imp (D:5)
  3 ufetubi
  2 dart slugs
  17 orcs
  8 ball pythons
  8 endoplasms
  2 giant cockroaches (D:2)
  12 goblins
  7 hobgoblins
  13 jackals
  6 kobolds
  5 quokkas
  4 bats
  4 frilled lizards
  3 rats
124 creatures vanquished.

Vanquished Creatures (others)
  4 plants (D:5)
4 creatures vanquished.

Grand Total: 128 creatures vanquished

Notes
Turn   | Place    | Note
-------+----------+-------------------------------------------
     0 | D:1      | KittyFluff the Gargoyle Berserker began the quest for the
                  | Orb.
     0 | D:1      | Reached XP level 1. HP: 14/14 MP: 1/1
    78 | D:1      | Reached XP level 2. HP: 14/19 MP: 2/2
   942 | D:2      | Reached XP level 3. HP: 22/23 MP: 3/3
  1270 | D:2      | Found a faded altar of an unknown god.
  1652 | D:2      | Reached XP level 4. HP: 29/29 MP: 4/4
  1984 | D:2      | Reached ** piety under Trog
  2024 | D:3      | Noticed Terence
  2044 | D:3      | Killed Terence
  2076 | D:3      | Reached XP level 5. HP: 33/33 MP: 5/5
  2220 | D:3      | Found a sacrificial altar of Ru.
  3024 | D:4      | Reached *** piety under Trog
  3032 | D:4      | Reached XP level 6. HP: 29/38 MP: 6/6
  3577 | D:4      | Found a bloodstained altar of Trog.
  4109 | D:4      | Found a glowing silver altar of Zin.
  4128 | D:5      | Entered Level 5 of the Dungeon
  4167 | D:5      | Reached skill level 5 in Maces & Flails
  4167 | D:5      | Reached XP level 7. HP: 37/44 MP: 7/7
  4243 | D:5      | Reached skill level 5 in Armour
  5111 | D:5      | Found a staircase to the Ecumenical Temple.
  5125 | D:5      | Reached skill level 5 in Fighting
  5355 | D:5      | Reached XP level 8. HP: 25/49 MP: 8/8
  5366 | D:5      | Found a glowing golden altar of the Shining One.
  5766 | D:5      | Reached **** piety under Trog
  5946 | D:5      | HP: 1/73 [bullfrog (7)]
  5947 | D:5      | Slain by a bullfrog

Illustrated notes

Levels and vault maps discovered:
D:1:      nzn_arrival_water_spiral, layout_basic
D:2:      layout_basic, hellmonk_ecumenical_altar_arch_garden,
          nrook_mini_backslash, minmay_goblin_outpost
D:3:      layout_rooms, nicolae_ru_awakened_eye, uniq_terence
D:4:      layout_basic, trog_hazing_becter, zin_academy
D:5:      wad_lake_hut, layout_loops_ring, mainiacjoe_overflow_tiny_flanked,
          minmay_temple_entry_overgrown, grunt_ministairs_12
D:6:      wad_crossroads, layout_loops_ring, serial_shops,
          nicolae_shop_statue_plus, minmay_a_box_with_orc_wizards_in_it,
          uniq_prince_ribbit1

Skill      XL: |  1  2  3  4  5  6  7  8 |
---------------+-------------------------+-----
Armour         | 3 4 5 6 |  6.1
Dodging        | 2 3 |  3.2
Maces & Flails | 4 5 6 |  6.1
Fighting       | 4 5 |  5.2

Action                   |  1- 3 |  4- 6 |  7- 9 || total
-------------------------+-------+-------+-------++-------
Melee: Mace              |    82 |    29 |       ||   111
       Flail             |       |   259 |   136 ||   395
       Punch             |       |     4 |     1 ||     5
Throw: Stone             |       |     7 |       ||     7
Invok: Berserk           |       |     1 |     1 ||     2
  Use: Scroll            |     1 |     3 |     1 ||     5
       Potion            |       |       |     1 ||     1
Armor: Animal skin       |     8 |       |       ||     8
       Leather armour    |    29 |   113 |    72 ||   214
Dodge: Dodged            |    67 |   209 |    89 ||   365
